 Dungeon Crawl Stone Soup version 0.31-a0-1-g4198be8af4 (webtiles) character file.

Game seed: 2048537100401668680

23087 domi the Fighter (level 13, 0/72 HPs)
             Began as a Vine Stalker Fighter on May 1, 2023.
             Was an Elder of Wu Jian.
             Slain by a centaur warrior (4 damage)
             ... on level 13 of the Dungeon.
             The game lasted 00:26:56 (9593 turns).

domi the Fighter (Vine Stalker Fighter)             Turns: 9593, Time: 00:26:56

Health: 0/72       AC: 15    Str: 19    XL:     13   Next: 4%
Magic:  0/23       EV: 14    Int: 12    God:    Wu Jian [****..]
Gold:   520        SH:  6    Dex: 23    Spells: 16/24 levels left

rFire   . . .        H - +7 Throatcutter {drain, coup de grace}
rCold   . . .        c - +0 buckler
rNeg    . . .        y - +1 ring mail "Wopuefiwn" {Regen+ Dex+2 Slay+2}
rPois   .            A - +2 helmet
rElec   .            E - +2 cloak
rCorr   +            x - +0 pair of gloves
SInv    .            (no boots)
Will    +....        K - amulet of magic regeneration
Stlth   ++++         O - +6 ring of dexterity
HPRegen 1.92/turn    U - ring of resist corrosion
MPRegen 0.58/turn

%: guardian spirit
@: no status effects
A: fangs 3, regeneration 1, magic shield, antimagic bite, no potion heal 2
a: Renounce Religion, Wall Jump, Serpent's Lash


You were on level 13 of the Dungeon.
You worshipped Wu Jian.
Wu Jian was greatly pleased with you.
You visited 2 branches of the dungeon, and saw 14 of its levels.

You collected 760 gold pieces.
You spent 240 gold pieces at shops.

Inventory:

Hand Weapons
 a - a +0 rapier
 q - a +2 short sword of draining
   (You found it on level 2 of the Dungeon)
 z - a +1 dagger of venom
   (You took it off a goblin on level 3 of the Dungeon)
 H - the +7 Throatcutter (weapon) {drain, coup de grace}
   (You found it on level 6 of the Dungeon)
 M - a +3 dagger of venom
   (You took it off an orc wizard on level 8 of the Dungeon)
Missiles
 k - 2 throwing nets {=f, !d=f}
 G - 4 curare-tipped darts {=f}
Armour
 c - a +0 buckler (worn)
 m - a +0 pair of gloves of stealth
   (You found it on level 13 of the Dungeon)
 x - a +0 pair of gloves (worn)
   (You found it on level 3 of the Dungeon)
 y - the +1 ring mail "Wopuefiwn" (worn) {Regen+ Dex+2 Slay+2}
   (You found it on level 3 of the Dungeon)

   Dex:       It affects your dexterity (+2).
   Slay:      It affects your accuracy & damage with ranged weapons and melee
   (+2).
   Regen:     It increases your rate of health regeneration.
 A - a +2 helmet (worn)
   (You found it on level 3 of the Dungeon)
 E - a +2 cloak (worn)
   (You found it on level 5 of the Dungeon)
Jewellery
 K - an amulet of magic regeneration (around neck)
   (You found it on level 7 of the Dungeon)
 O - a +6 ring of dexterity (left hand)
   (You found it on level 9 of the Dungeon)
 U - a ring of resist corrosion (right hand)
   (You found it on level 11 of the Dungeon)
Wands
 N - a wand of roots (4)
   (You found it on level 12 of the Dungeon)
 Q - a wand of paralysis (4)
   (You found it on level 10 of the Dungeon)
Scrolls
 f - 5 scrolls of teleportation {@r4}
 i - 4 scrolls of immolation {!r!r}
 j - a scroll of fear
 r - a scroll of fog
 v - 2 scrolls of poison {!r}
 C - 3 scrolls of magic mapping {!r}
 D - a scroll of noise {!r}
 I - a scroll of enchant weapon
 S - 3 scrolls of identify {@r1}
Potions
 b - 2 potions of cancellation
 d - 2 potions of berserk rage {!q!q}
 e - 6 potions of curing {@q1}
 g - 2 potions of invisibility
 h - 6 potions of heal wounds {@q2}
 l - 3 potions of attraction {!q}
 n - 7 potions of flight
 o - 2 potions of resistance
 s - 4 potions of lignification {!q!q}
 t - 4 potions of degeneration {!q}
 u - 6 potions of haste {@q3}
 w - a potion of magic
 B - 3 potions of mutation {!q!q}
 F - a potion of ambrosia {unknown}
 L - 3 potions of brilliance
 P - 3 potions of might
Miscellaneous
 p - a lightning rod (4/4) {!a}
   (You found it on level 9 of the Dungeon)
 J - a condenser vane (inert)
   (You found it on level 10 of the Dungeon)


   Skills:
 + Level 10.2 Fighting
 - Level 8.0(8.9) Short Blades
 * Level 6.0(7.9) Long Blades
 - Level 8.0 Armour
 + Level 5.3 Dodging
 - Level 10.0 Stealth
 - Level 4.0 Shields
 + Level 6.2 Spellcasting
 + Level 2.9 Necromancy


You had 16 spell levels left.
You knew the following spells:

 Your Spells              Type           Power      Damage    Failure   Level
y - Wereblood             Tmut           3%         N/A       47%         2
Z - Death Channel         Necr           5%         N/A       100%        6

Your spell library contained the following spells:

 Spells                   Type           Power      Damage    Failure   Level
 Necrotise                Necr           40%        1d6       11%         1
 Sublimation of Blood     Necr           10%        N/A       16%         2
 Vampiric Draining        Necr           10%        2d6       32%         3
 Summon Small Mammal      Summ           12%        N/A       34%         1
 Cigotuvi's Dreadful Rot  Necr/Pois/Air  12%        N/A       34%         2
 Lesser Beckoning         Tloc           6%         N/A       47%         2
 Call Canine Familiar     Summ           3%         N/A       71%         3
 Gell's Gravitas          Tloc           3%         N/A       71%         3
 Portal Projectile        Hex/Tloc       6%         N/A       71%         3
 Summon Guardian Golem    Hex/Summ       3%         N/A       71%         3
 Teleport Other           Tloc           3%         N/A       71%         3
 Dispel Undead            Necr           10%        3d9       71%         4
 Agony                    Necr           10%        N/A       96%         5
 Leda's Liquefaction      Hex/Erth       1%         N/A       98%         4
 Summon Hydra             Summ           1%         N/A       100%        7


Dungeon Overview and Level Annotations

Branches:
Dungeon (13/15)            Temple (1/1) D:5            Lair (0/5) D:10
    Orc (0/2) D:12
 Vaults: D:13-14

Altars:
Ashenzari
Cheibriados
Dithmenos
Elyvilon
Fedhas
Gozag
Hepliaklqana
Kikubaaqudgha
Makhleb
Nemelex Xobeh
Okawaru
Qazlal
Ru
Sif Muna
Trog
Uskayaw
Vehumet
Wu Jian
Xom
Yredelemnul
Zin
The Shining One

Shops:
D:4 *   D:6 *(([   D:8 *   D:13 =

Annotations:
D:12 2 transporters, MrSquiggles's ghost, journeyman DrGl


Innate Abilities, Weirdness & Mutations

You have razor-sharp teeth.
Your natural rate of healing is unusually fast.
When hurt, damage is shared between your health and your magic reserves.
Your bite disrupts and absorbs the magic of your enemies.
Potions cannot restore your health.


Message History

Found a stone staircase leading up.
You feel sick.
You start resting.
You feel sick. x4
You are no longer poisoned.
There is a stone staircase leading up here.
You climb upwards.
Level annotation: 2 transporters, MrSquiggles's ghost, journeyman DrGl
There is a stone staircase leading down here.
You start resting.
You climb downwards.
There is a stone staircase leading up here.
There is an entrance to Dentamp's Jewellery Boutique here.
An orc wizard comes into view. It is wielding a +0 dagger.
An orc wizard is nearby!
An orc comes into view. It is wielding a +0 short sword.
The orc moves out of view.
An orc comes into view. It is wielding a +0 hand axe.
An orc comes into view. It is wielding a +0 hand axe.
The orc wizard shouts!
The orc shouts!
The orc drinks a potion.
The orc suddenly seems more resistant.
The orc throws a stone.
The stone closely misses you.
You miss the orc wizard.
The orc shouts!
You bite the orc wizard.
The orc wizard's magic leaks into the air.
You drain its magic. You block the orc wizard's attack.
You slash the orc wizard!
You kill the orc wizard!
The Council accepts your kill.
The orc throws a stone.
The stone closely misses you. The orc hits you with a +0 short sword.
You block the orc's attack.
You slash the orc!
You kill the orc!
The Council accepts your kill.
The orc throws a stone.
The stone closely misses you. You block the orc's attack.
You slash the orc!
You kill the orc!
The Council accepts your kill.
Your base Long Blades skill increases to level 6!
You closely miss the orc. The orc completely misses you.
You slash the orc!
You kill the orc!
The Council accepts your kill.
No target in view!
S - 3 scrolls of identify {@r1} (gained 1)
You see here a +0 short sword.
F - a smoky pink potion You now have 520 gold pieces (gained 15).
o - 2 potions of resistance (gained 1)
Things that are here:
a +0 hand axe; 9 stones A boulder beetle comes into view.
A boulder beetle is nearby!
A boulder beetle is nearby!
A boulder beetle is nearby!
A boulder beetle is nearby!
A centaur warrior comes into view.
The centaur warrior shouts!
The centaur warrior wields a +0 longbow.
The centaur warrior shoots an arrow.
The arrow hits you.
The centaur warrior shoots an arrow.
The arrow hits you!
You lunge at the boulder beetle.
You hit the boulder beetle. You bite the boulder beetle! You drain its power.
You feel invigorated. The boulder beetle bites you!
The centaur warrior shoots an arrow.
The arrow hits you!
You are too injured to fight recklessly!
You are too injured to fight recklessly!
Unknown command.
You spin and attack the boulder beetle.
You hit the boulder beetle but do no damage.
You drain the boulder beetle.
The centaur warrior shoots an arrow.
The arrow hits you! The boulder beetle bites you!
The centaur warrior shoots an arrow.
The arrow hits you!
* * * LOW HITPOINT WARNING * * *
A gargoyle comes into view. It is wielding a +0 morningstar.
The centaur warrior shoots an arrow.
You block the arrow.
The boulder beetle attacks as you move away!
You block the boulder beetle's attack.
The boulder beetle curls into a ball and begins rolling!
The centaur warrior unwields a +0 longbow.
The centaur warrior hits you!
* * * LOW HITPOINT WARNING * * *
The centaur warrior kicks you but does no damage.
You completely miss the centaur warrior.
The centaur warrior misses you. The centaur warrior closely misses you.
The boulder beetle hits you!!
* * * LOW HITPOINT WARNING * * *
The boulder beetle stops rolling and uncurls.
Unknown command.
Okay, then.
Okay, then.
Okay, then.
You spin and attack the centaur warrior.
You slash the centaur warrior!
You spin and attack the boulder beetle.
You hit the boulder beetle but do no damage.
The centaur warrior misses you.
The centaur warrior kicks you but does no damage.
You block the boulder beetle's attack. The centaur warrior hits you.
You die...

#..# #..# #..#
####.### ####
###......###...#
###...####.......#
####...###
##..°####
##....### ##.B#
...#### #@.# .###
##c.# ## #..#
##.9# ..# #.. ..#
.## ..


You could see a boulder beetle (drained), a centaur warrior and a gargoyle.

Vanquished Creatures
  Kirke (D:13)
  An ogre mage (D:13)
  A centaur warrior (D:13)
  3 boulder beetles
  3 two-headed ogres (D:13)
  Pikel (D:7)
  2 deep elf pyromancers
  A cyclops (D:13)
  2 ugly things
  Joseph (D:8)
  A manticore (D:12)
  4 gargoyles
  5 kobold demonologists
  Maggie (D:8)
  2 unseen horrors
  A komodo dragon (D:10)
  5 trolls
  Prince Ribbit (D:6)
  A hornet (D:7)
  6 slime creatures (D:12)
  A vampire (D:12)
  2 shadows (D:11)
  2 wyverns
  9 yaks
  7 hogs (D:13)
  2 steam dragons
  A redback (D:13)
  4 vampire mosquitoes (D:13)
  2 acid dragons
  5 orc warriors
  2 black bears
  An ice beast (D:7)
  2 ogres
  7 centaurs
  A lemure (D:7)
  4 bullfrogs
  11 kobold brigands
  2 scorpions
  3 wights (D:10)
  8 killer bees
  3 jellies
  5 orc priests
  2 gnoll boudas
  3 hounds
  5 iguanas
  2 sleepcaps (D:5)
  7 orc wizards
  A mummy (D:4)
  Robin (D:3)
  6 adders
  10 gnolls
  3 white imps
  A worm (D:3)
  6 dart slugs
  48 orcs
  8 ball pythons
  6 bats
  8 endoplasms
  4 giant cockroaches
  14 goblins
  8 hobgoblins
  6 jackals
  4 quokkas
  A frilled lizard (D:1)
  2 hobgoblin zombies (D:4)
  10 kobolds
  A kobold zombie (D:4)
  An orc zombie (D:4)
  8 rats
303 creatures vanquished.

Vanquished Creatures (others)
  A yak (D:8)
  3 plants (D:10)
4 creatures vanquished.

Grand Total: 307 creatures vanquished

Notes
Turn   | Place    | Note
-------+----------+-------------------------------------------
     0 | D:1      | domi the Vine Stalker Fighter began the quest for the Orb.
     0 | D:1      | Reached XP level 1. HP: 11/11 MP: 2/2
    19 | D:1      | You fall into a shaft and drop 1 floor!
    27 | D:2      | Reached skill level 1 in Stealth
    27 | D:2      | Reached XP level 2. HP: 8/16 MP: 3/3
   145 | D:1      | Reached skill level 2 in Short Blades
   284 | D:1      | Reached XP level 3. HP: 18/19 MP: 4/4
   310 | D:1      | Reached skill level 2 in Stealth
   427 | D:1      | Reached skill level 3 in Fighting
   886 | D:2      | Gained mutation: Your natural rate of healing is unusually
                  | fast. [Vine Stalker growth]
   886 | D:2      | Reached XP level 4. HP: 24/24 MP: 5/5
   920 | D:2      | Found a faded altar of an unknown god.
   923 | D:2      | Reached skill level 3 in Shields
  1339 | D:2      | Reached skill level 3 in Stealth
  1451 | D:3      | Reached XP level 5. HP: 28/28 MP: 6/6
  1571 | D:3      | Identified the +1 ring mail "Wopuefiwn" {Regen+ Dex+2
                  | Slay+2}
  1599 | D:3      | Noticed Robin
  1632 | D:3      | Killed Robin
  1737 | D:3      | Found a stormy altar of Qazlal.
  1821 | D:3      | Found a bloodstained altar of Trog.
  1962 | D:4      | Found Xuiloit's Assorted Antiques.
  1979 | D:4      | Reached skill level 3 in Armour
  2282 | D:4      | Reached skill level 4 in Stealth
  2307 | D:5      | Entered Level 5 of the Dungeon
  2373 | D:5      | Reached XP level 6. HP: 32/32 MP: 7/7
  2523 | D:5      | Reached skill level 3 in Short Blades
  2588 | D:5      | Reached skill level 5 in Stealth
  2588 | D:5      | Reached XP level 7. HP: 36/36 MP: 8/8
  2654 | D:5      | Found a staircase to the Ecumenical Temple.
  3126 | D:5      | Found an ornate altar of the Wu Jian Council.
  3190 | D:5      | Reached skill level 6 in Stealth
  3190 | D:5      | Reached skill level 4 in Shields
  3425 | Temple   | Entered the Ecumenical Temple
  3559 | D:5      | Became a worshipper of the Wu Jian Council
  3573 | D:6      | Found Paedoj's Antique Armour Boutique.
  3584 | D:6      | Bought an embroidered scarf for 240 gold pieces
  3623 | D:6      | Reached skill level 4 in Fighting
  3635 | D:6      | Noticed Prince Ribbit
  3677 | D:6      | Killed Prince Ribbit
  3678 | D:6      | Reached skill level 7 in Stealth
  3678 | D:6      | Gained mutation: You have razor-sharp teeth. [Vine Stalker
                  | growth]
  3678 | D:6      | Reached XP level 8. HP: 42/42 MP: 6/9
  3702 | D:6      | Reached skill level 4 in Armour
  3724 | D:6      | Found an opulent altar of Gozag.
  3730 | D:6      | Reached skill level 4 in Short Blades
  3914 | D:6      | Found Jonoke Goi's Assorted Antiques.
  3928 | D:6      | Found Uwud's Weapon Emporium.
  3984 | D:6      | Found Upukhlaxo's Antique Weapon Shoppe.
  4081 | D:6      | Found the +7 Throatcutter {drain, coup de grace}
  4097 | D:6      | Reached skill level 8 in Stealth
  4115 | D:6      | Reached * piety under Wu Jian
  4132 | D:6      | Reached skill level 5 in Fighting
  4132 | D:6      | Reached XP level 9. HP: 47/47 MP: 10/10
  4133 | D:6      | Reached skill level 9 in Stealth
  4174 | D:6      | Found a hide-covered altar of Uskayaw.
  4567 | D:7      | Noticed Pikel
  4567 | D:7      | Noticed a hornet
  4583 | D:7      | Killed Pikel
  4584 | D:7      | Reached skill level 5 in Short Blades
  4584 | D:7      | Reached skill level 5 in Armour
  4584 | D:7      | Reached skill level 10 in Stealth
  4596 | D:7      | Killed a hornet
  4939 | D:7      | Found a shimmering blue altar of Sif Muna.
  5202 | D:7      | Reached skill level 6 in Fighting
  5351 | D:8      | Noticed Maggie
  5358 | D:8      | Reached skill level 6 in Short Blades
  5378 | D:8      | Reached XP level 10. HP: 32/53 MP: 7/11
  5464 | D:8      | Noticed Joseph
  5479 | D:8      | Killed Joseph
  5480 | D:8      | Reached skill level 6 in Armour
  5558 | D:8      | Killed Maggie
  5558 | D:8      | Reached ** piety under Wu Jian
  5616 | D:8      | Found Qeduho's Assorted Antiques.
  5766 | D:8      | Reached skill level 7 in Fighting
  5780 | D:8      | Reached skill level 7 in Short Blades
  6545 | D:10     | Entered Level 10 of the Dungeon
  6607 | D:10     | Reached skill level 7 in Armour
  6663 | D:10     | Killed an unseen horror
  6664 | D:10     | Reached skill level 8 in Fighting
  6664 | D:10     | Reached XP level 11. HP: 60/60 MP: 12/12
  6750 | D:10     | Found a staircase to the Lair.
  6946 | D:10     | Reached skill level 8 in Short Blades
  6956 | D:10     | Reached *** piety under Wu Jian
  7434 | D:11     | Noticed a boulder beetle
  7453 | D:11     | Killed a boulder beetle
  7454 | D:11     | Reached skill level 1 in Dodging
  7454 | D:11     | Reached skill level 1 in Spellcasting
  7736 | D:11     | Reached skill level 2 in Spellcasting
  7742 | D:11     | Reached skill level 2 in Dodging
  7780 | D:11     | Reached skill level 8 in Armour
  8249 | D:11     | Reached skill level 1 in Long Blades
  8337 | D:12     | Found a transporter.
  8339 | D:12     | Noticed MrSquiggles's ghost (journeyman DrGl)
  8340 | D:12     | Found a transporter.
  8341 | D:12     | Noticed a two-headed ogre
  8342 | D:12     | Noticed a two-headed ogre
  8342 | D:12     | Noticed a two-headed ogre
  8342 | D:12     | Noticed a two-headed ogre
  8349 | D:12     | Identified the +9 great mace of Ignis's Benevolence
                  | {freeze, rC- rN++ Int+5}
  8349 | D:12     | Identified the +2 giant club of Zigh {venom, rElec}
  8349 | D:12     | Noticed a two-headed ogre
  8367 | D:12     | Reached skill level 3 in Spellcasting
  8367 | D:12     | HP: 15/60 [enormous slime creature (32)]
  8376 | D:12     | Reached skill level 9 in Fighting
  8410 | D:12     | Reached skill level 2 in Long Blades
  8410 | D:12     | Reached skill level 3 in Dodging
  8523 | D:12     | Noticed a manticore
  8528 | D:12     | Killed a manticore
  8645 | D:12     | Noticed a green ugly thing
  8657 | D:12     | Killed a green ugly thing
  8658 | D:12     | Reached skill level 4 in Spellcasting
  8658 | D:12     | Reached XP level 12. HP: 63/66 MP: 15/19
  8814 | D:12     | Reached skill level 3 in Long Blades
  8868 | D:12     | Found a staircase to the Orcish Mines.
  8976 | D:13     | Noticed Kirke
  8982 | D:13     | Noticed a sphinx
  8982 | D:13     | Noticed a boulder beetle
  8998 | D:13     | Noticed a sphinx
  9002 | D:13     | Reached skill level 4 in Dodging
  9007 | D:13     | HP: 15/67 [sphinx[Kirke] (2)]
  9079 | D:13     | Killed Kirke
  9085 | D:13     | Killed a boulder beetle
  9086 | D:13     | Reached skill level 4 in Long Blades
  9086 | D:13     | Reached skill level 5 in Spellcasting
  9118 | D:13     | Noticed a two-headed ogre
  9127 | D:13     | Killed a two-headed ogre
  9168 | D:13     | Learned a level 6 spell: Death Channel
  9171 | D:13     | Learned a level 2 spell: Wereblood
  9209 | D:13     | Reached **** piety under Wu Jian
  9301 | D:13     | Found Dentamp's Jewellery Boutique.
  9301 | D:13     | Noticed a two-headed ogre
  9304 | D:13     | Reached skill level 1 in Necromancy
  9309 | D:13     | Killed a two-headed ogre
  9314 | D:13     | Reached skill level 10 in Fighting
  9367 | D:13     | Noticed a two-headed ogre
  9372 | D:13     | Killed a two-headed ogre
  9373 | D:13     | Reached skill level 5 in Long Blades
  9394 | D:13     | Noticed a boulder beetle
  9394 | D:13     | Noticed a centaur warrior
  9395 | D:13     | Noticed an ogre mage
  9401 | D:13     | Killed a centaur warrior
  9402 | D:13     | Reached skill level 5 in Dodging
  9402 | D:13     | Reached skill level 2 in Necromancy
  9413 | D:13     | Noticed a sun demon
  9433 | D:13     | Reached skill level 6 in Spellcasting
  9434 | D:13     | Noticed a soul eater
  9436 | D:13     | Killed a boulder beetle
  9437 | D:13     | Killed an ogre mage
  9438 | D:13     | Reached XP level 13. HP: 34/72 MP: 13/23
  9509 | D:13     | Reached skill level 6 in Long Blades
  9591 | D:13     | HP: 16/72 [centaur warrior (8)]
  9592 | D:13     | HP: 2/72 [boulder beetle (16)]
  9593 | D:13     | Slain by a centaur warrior

Illustrated notes

Levels and vault maps discovered:
D:1:      evilmike_arrival_hilbert_curve, layout_rooms, feat_on_display
D:2:      layout_basic, basic_ecumenical_altar
D:3:      layout_rooms, grunt_qazlal_clouds,
          mainiacjoe_overflow_surrounded_room, eino_tiny_chamber, uniq_robin
D:4:      layout_rooms, serial_shops, nicolae_shop_waterfront,
          minmay_mini_ossuary
D:5:      layout_rooms, lemuel_doored_altar, minmay_temple_entry_statues,
          dk_noncrumbling_2, kennysheep_opposing_triangles
D:6:      layout_rooms, old_standard_altar, nicolae_uskayaw_dance_hall,
          serial_shops, shop, shop, nicolae_shop_real_fake_doors,
          nicolae_shop_window_shopping, dilly_guarded_unrand_throatcut,
          uniq_prince_ribbit1
D:7:      layout_loops_corners, kennysheep_mini, serial_aquarium,
          aquarium_bridge_square [aquarium_subvault_bridge,
          aquarium_subvault_bridge, aquarium_subvault_window,
          aquarium_subvault_bridge], aquarium_bridge_square
          [aquarium_subvault_bridge, aquarium_subvault_bridge,
          aquarium_subvault_wall, aquarium_subvault_bridge],
          aquarium_window_fake, aquarium_window_fake, aquarium_window_1,
          aquarium_view_2b, aquarium_view_2d, aquarium_pool_1,
          kennysheep_generic_room_9, uniq_pikel
D:8:      layout_basic, serial_shops, nicolae_shop_window_shopping,
          small_statue_intersection, uniq_maggie, uniq_joseph
D:9:      layout_loops_ring, special_room [special_room_orc]
D:10:     layout_gridville, david_lair_shrubbed
D:11:     layout_irregular_city
D:12:     layout_long_grid, orc_0_dummy, gammafunk_ghost_smash
D:13:     minmay_bloctagon, layout_cave_pods, erik_vaults_1, serial_shops, shop,
          uniq_kirke
Temple:   nicolae_temple_x_marks_the_god

Skill      XL: |  1  2  3  4  5  6  7  8  9 10 11 12 13 |
---------------+----------------------------------------+-----
Stealth        | 1 2 3 4 5 7 8 10 | 10.0
Short Blades   | 2 3 4 6 7 8 |  8.0
Fighting       | 3 4 5 6 8 9 10 | 10.2
Shields        | 3 4 |  4.0
Armour         | 3 4 5 7 8 |  8.0
Dodging        | 3 5 |  5.3
Spellcasting   | 4 6 |  6.2
Long Blades    | 2 5 6 |  6.0
Necromancy     | 2 |  2.9

Action                     |  1- 3 |  4- 6 |  7- 9 | 10-12 | 13-15 || total
---------------------------+-------+-------+-------+-------+-------++-------
  Melee: Rapier            |    88 |       |       |       |       ||    88
         Bite              |    26 |    55 |    77 |   217 |     9 ||   384
         Short sword       |    10 |   181 |   245 |   359 |       ||   795
         Long sword        |       |       |       |   227 |    22 ||   249
 Invoke: Serpent's Lash    |       |       |       |     1 |       ||     1
Ability: Lunge             |       |       |    14 |    38 |     1 ||    53
         Whirlwind         |       |       |    14 |   208 |     3 ||   225
         Wall Jump         |       |       |       |     1 |       ||     1
  Evoke: Lightning rod     |       |       |       |     3 |       ||     3
         Condenser vane    |       |       |       |     1 |     1 ||     2
         Wand              |       |       |       |     1 |       ||     1
    Use: Potion            |     1 |       |     2 |       |       ||     3
         Scroll            |       |     7 |     7 |    16 |     1 ||    31
   Stab: Distracted        |       |     1 |       |     3 |       ||     4
         Sleeping          |       |     1 |    13 |    15 |       ||    29
         Fleeing           |       |       |     1 |       |       ||     1
 Armour: Scale mail        |    52 |    21 |       |       |       ||    73
         Ring mail         |       |    43 |    90 |   244 |     7 ||   384
  Dodge: Dodged            |    45 |    69 |    80 |   186 |    13 ||   393
  Block: Buckler           |    21 |    39 |    49 |   118 |     9 ||   236

Table legend: (Time is in decaauts)
 A = Elapsed time spent in this place.
 B = Non-inter-level travel time spent in this place.
 C = Inter-level travel time spent in this place.
 D = Time resting spent in this place.
 E = Time spent auto-exploring this place.
 F = Levels seen in this place.
 G = Mean time per level.
                   A        B        C        D        E       F      G
               +--------+--------+--------+--------+--------+-----+--------+
         Total |   9559 |   9080 |    479 |    266 |   6502 |  14 |  682.8 |
       Dungeon |   9489 |   9018 |    471 |    266 |   6445 |  13 |  729.9 |
        Temple |     69 |     61 |      8 |      0 |     57 |   1 |   69.0 |
               +--------+--------+--------+--------+--------+-----+--------+

Top non-repeatable levels by time:
     D:5: 1176 daAuts
     D:7: 1062 daAuts
     D:2: 901 daAuts
    D:11: 898 daAuts
    D:10: 867 daAuts
    D:12: 677 daAuts
     D:8: 648 daAuts
     D:6: 622 daAuts
    D:13: 619 daAuts
     D:9: 578 daAuts
     D:1: 546 daAuts
     D:3: 473 daAuts
     D:4: 420 daAuts
  Temple: 69 daAuts

Levels and vault maps discovered:
D:1:      evilmike_arrival_hilbert_curve, layout_rooms, feat_on_display
D:2:      layout_basic, basic_ecumenical_altar
D:3:      layout_rooms, grunt_qazlal_clouds,
          mainiacjoe_overflow_surrounded_room, eino_tiny_chamber, uniq_robin
D:4:      layout_rooms, serial_shops, nicolae_shop_waterfront,
          minmay_mini_ossuary
D:5:      layout_rooms, lemuel_doored_altar, minmay_temple_entry_statues,
          dk_noncrumbling_2, kennysheep_opposing_triangles
D:6:      layout_rooms, old_standard_altar, nicolae_uskayaw_dance_hall,
          serial_shops, shop, shop, nicolae_shop_real_fake_doors,
          nicolae_shop_window_shopping, dilly_guarded_unrand_throatcut,
          uniq_prince_ribbit1
D:7:      layout_loops_corners, kennysheep_mini, serial_aquarium,
          aquarium_bridge_square [aquarium_subvault_bridge,
          aquarium_subvault_bridge, aquarium_subvault_window,
          aquarium_subvault_bridge], aquarium_bridge_square
          [aquarium_subvault_bridge, aquarium_subvault_bridge,
          aquarium_subvault_wall, aquarium_subvault_bridge],
          aquarium_window_fake, aquarium_window_fake, aquarium_window_1,
          aquarium_view_2b, aquarium_view_2d, aquarium_pool_1,
          kennysheep_generic_room_9, uniq_pikel
D:8:      layout_basic, serial_shops, nicolae_shop_window_shopping,
          small_statue_intersection, uniq_maggie, uniq_joseph
D:9:      layout_loops_ring, special_room [special_room_orc]
D:10:     layout_gridville, david_lair_shrubbed
D:11:     layout_irregular_city
D:12:     layout_long_grid, orc_0_dummy, gammafunk_ghost_smash
D:13:     minmay_bloctagon, layout_cave_pods, erik_vaults_1, serial_shops, shop,
          uniq_kirke
Temple:   nicolae_temple_x_marks_the_god

Table legend: (Time is in decaauts)
 A = Elapsed time spent in this place.
 B = Non-inter-level travel time spent in this place.
 C = Inter-level travel time spent in this place.
 D = Time resting spent in this place.
 E = Time spent auto-exploring this place.
 F = Levels seen in this place.
 G = Mean time per level.
                   A        B        C        D        E       F      G
               +--------+--------+--------+--------+--------+-----+--------+
         Total |   9559 |   9080 |    479 |    266 |   6502 |  14 |  682.8 |
       Dungeon |   9489 |   9018 |    471 |    266 |   6445 |  13 |  729.9 |
        Temple |     69 |     61 |      8 |      0 |     57 |   1 |   69.0 |
               +--------+--------+--------+--------+--------+-----+--------+

Top non-repeatable levels by time:
     D:5: 1176 daAuts
     D:7: 1062 daAuts
     D:2: 901 daAuts
    D:11: 898 daAuts
    D:10: 867 daAuts
    D:12: 677 daAuts
     D:8: 648 daAuts
     D:6: 622 daAuts
    D:13: 619 daAuts
     D:9: 578 daAuts
     D:1: 546 daAuts
     D:3: 473 daAuts
     D:4: 420 daAuts
  Temple: 69 daAuts

Table legend:
 A = Kills in this place as a percentage of kills in the entire game.
 B = Kills by you in this place as a percentage of kills by you in the entire game.
 C = Kills by friends in this place as a percentage of kills by friends in the entire game.
 D = Other kills in this place as a percentage of other kills in the entire game.
 E = Experience gained in this place as a percentage of experience gained in the entire game.
 F = Experience gained in this place divided by the number of levels of this place that you have seen.
                   A       B       C       D       E      F
               +-------+-------+-------+-------+-------+----------------------
         Total | 100.0 | 100.0 |   N/A | 100.0 | 100.0 | 2355.9
       Dungeon | 100.0 | 100.0 |   N/A | 100.0 | 100.0 | 2537.1
               +-------+-------+-------+-------+-------+----------------------
